 Dungeon Crawl Stone Soup version 0.21.1-1-g345015f (webtiles) character file.

3138 DiscipleGeek the Basher (level 9, -3/88 HPs)
             Began as a Troll Fighter on Mar 30, 2018.
             Was a Priest of Qazlal.
             Slain by a two-headed ogre
             ... wielding a cursed -1 giant club
              (18 damage)
             ... on level 6 of the Dungeon.
             The game lasted 00:38:04 (6637 turns).

DiscipleGeek the Basher (Troll Fighter)             Turns: 6637, Time: 00:38:05

Health: -3/88      AC:  7    Str: 29    XL:     9   Next: 61%
Magic:  7/8        EV: 11    Int:  4    God:    Qazlal [***...]
Gold:   307        SH: 17    Dex: 12    Spells: 8/8 levels left

rFire    . . .     SeeInvis .   w - +3 mace (holy)
rCold    . . .     Gourm    +   y - +2 shield
rNeg     . . .     Faith    .   b - +2 robe
rPois    +         Spirit   .   (helmet restricted)
rElec    .         Reflect  .   (no cloak)
rCorr    .         Harm     .   (gloves unavailable)
MR       .....                  (boots unavailable)
Stlth    +.........             (no amulet)
HPRegen  0.64/turn              o - +3 ring of dexterity
MPRegen  0.11/turn              K - ring of poison resistance

@: no status effects
A: large, unfitting armour, claws 3, fast metabolism 3, gourmand, regeneration
1, shaggy fur 1, tough skin 2
a: Upheaval, Elemental Force, Renounce Religion


You were on level 6 of the Dungeon.
You worshipped Qazlal.
Qazlal was most pleased with you.
You were very full.

You visited 1 branch of the dungeon, and saw 8 of its levels.

You collected 307 gold pieces.

Inventory:

Hand Weapons
 a - a +0 flail
 m - a +1 flail of crushing
 p - a cursed -1 whip
 q - a +1 short sword of venom
 w - a +3 mace of holy wrath (weapon)
 A - a +2 short sword of electrocution
 B - a +0 shortbow
 E - a +1 whip of venom
 H - a +4 quarterstaff of chaos
Missiles
 j - 3 tomahawks (quivered)
 r - 101 arrows
 v - 59 bolts
Armour
 b - a +2 robe (worn)
 c - a +0 shield
 y - a +2 shield (worn)
 I - a +0 cloak
Jewellery
 e - a cursed amulet of inaccuracy
 i - a cursed ring of loudness
 o - a +3 ring of dexterity (left claw)
 F - a +2 ring of dexterity
 K - a ring of poison resistance (right claw)
Wands
 g - a wand of polymorph (12)
Scrolls
 d - a scroll of blinking
 h - 5 scrolls of teleportation
 k - 5 scrolls of remove curse
 u - a scroll of amnesia
 L - a scroll of immolation {unknown}
Potions
 l - a potion of magic {unknown}
 n - 4 potions of mutation
 s - 2 potions of heal wounds
 t - a potion of curing {unknown}
 x - 2 potions of flight
 z - a potion of invisibility {unknown}
 C - 2 potions of agility
 D - a potion of brilliance {unknown}
 G - a potion of degeneration {unknown}
Books
 M - a book of Callings

   Spells                             Type                      Level
   a - Summon Small Mammal            Summoning                    1
   b - Call Imp                       Summoning                    2
   c - Call Canine Familiar           Summoning                    3
   d - Summon Guardian Golem          Hexes/Summoning              3
   e - Summon Lightning Spire         Summoning/Air                4
   f - Summon Ice Beast               Ice/Summoning                4
Comestibles
 f - 19 rations


   Skills:
 + Level 5.3 Fighting
 * Level 8.0 Maces & Flails
 + Level 5.7 Dodging
 - Level 0.5 Stealth
 + Level 5.7 Shields


You had 8 spell levels left.
You didn't know any spells.

Dungeon Overview and Level Annotations

Branches:
Dungeon (8/15)             Temple (0/1) D:5
   Lair: D:8-11

Altars:
Ashenzari
Dithmenos
Fedhas
Nemelex Xobeh
Qazlal
Ru
Sif Muna
Yredelemnul
The Shining One


Innate Abilities, Weirdness & Mutations

You are too large for most types of armour.
You have claws for hands.
Your metabolism is lightning-fast.
You like to eat raw meat.
Your natural rate of healing is unusually fast.
You are covered in fur. (AC +1)
You have very tough skin. (AC +2)


Message History

There is a stone staircase leading down here.
Aiming: Upheaval
Press: ? - help, Dir - move target cursor, f - two-headed ogre
Aim: a two-headed ogre, wielding two giant clubs (lightly wounded) That beam is likely to hit you.
Continue anyway?
Okay, then.
Aiming: Upheaval
Press: ? - help, Dir - move target cursor, p - two-headed ogre A blizzard blasts the area with ice!
The storm surrounding you is now too weak to repel missiles.
You no longer adapt resistances upon receiving elemental damage.
The two-headed ogre barely misses you. You block the two-headed ogre's attack.
There is a stone staircase leading up here.
You block the two-headed ogre's attack. x2
You climb upwards.
There is a stone staircase leading down here.
The two-headed ogre hits you with a giant club!!
* * * LOW HITPOINT WARNING * * *
The two-headed ogre hits you with a giant club!!
You die...

#.........######.#######{# #...
.........................# ####
.)).......#####..##.####.#
..........# #..##.####.#
..........# #.......##.#
.....)....#####.......##.#
.####))...[.[............# .#
#..########O......####
.####..########.@ยง....###########
...##............##.####........[
#####.##########.##.# #.########
#.# #.##.# #.# #### # #.# #.##.#
#.# ##... # ##.######## #.##.# #.#
##...# # #..##...(.#
#.##.####.###..... #
#####.....###.##....#......... #
#.........#####.#####.....


You could see a two-headed ogre.

Vanquished Creatures
  A spriggan (D:7)
  A wyvern (D:8)
  A water moccasin (D:7)
  An ice beast (D:3)
  2 orc warriors (D:7)
  2 phantoms
  2 sky beasts (D:5)
  3 ogres
  A centaur (D:5)
  3 bullfrogs
  A scorpion (D:7)
  3 howler monkeys (D:7)
  4 crimson imps
  7 hounds
  8 orc wizards
  10 orc priests
  Crazy Yiuf (D:6)
  A jelly (D:6)
  A centaur skeleton (D:6)
  2 iguanas
  7 worker ants
  3 gnolls (D:3)
  4 adders
  2 shadow imps
  An ooze (D:1)
  An adder skeleton (D:4)
  3 worms
  A dart slug (D:1)
  8 leopard geckos
  40 orcs
  A ball python (D:4)
  10 goblins
  3 hobgoblins
  12 jackals
  6 quokkas
  3 bats
  5 frilled lizards
  4 kobolds
  A leopard gecko skeleton (D:6)
  15 rats
185 creatures vanquished.

Vanquished Creatures (others)
  An orc wizard (D:7)
1 creature vanquished.

Grand Total: 186 creatures vanquished

Notes
Turn   | Place    | Note
-------+----------+-------------------------------------------
     0 | D:1      | DiscipleGeek the Troll Fighter began the quest for the Orb.
     0 | D:1      | Reached XP level 1. HP: 22/22 MP: 0/0
   109 | D:1      | Reached skill level 2 in Maces & Flails
   109 | D:1      | Reached XP level 2. HP: 29/29 MP: 1/1
   491 | D:1      | Reached XP level 3. HP: 33/36 MP: 2/2
   709 | D:2      | Found a stormy altar of Qazlal.
   733 | D:2      | Became a worshipper of Qazlal Stormbringer
   857 | D:2      | Found a sparkling altar of Nemelex Xobeh.
   857 | D:2      | Found a shattered altar of Ashenzari.
  1287 | D:2      | Noticed a bullfrog
  1294 | D:2      | Killed a bullfrog
  1294 | D:2      | Reached skill level 3 in Maces & Flails
  1294 | D:2      | Reached XP level 4. HP: 32/44 MP: 3/3
  1304 | D:2      | Found a blossoming altar of Fedhas.
  1651 | D:3      | Noticed an ice beast
  1660 | D:3      | Killed an ice beast
  1660 | D:3      | Reached * piety under Qazlal
  1660 | D:3      | Reached XP level 5. HP: 6/53 MP: 4/4
  1939 | D:3      | Reached XP level 6. HP: 26/61 MP: 5/5
  2027 | D:3      | Reached ** piety under Qazlal
  2128 | D:3      | Reached skill level 4 in Maces & Flails
  2495 | D:4      | Reached XP level 7. HP: 19/67 MP: 6/6
  2807 | D:4      | Reached skill level 5 in Maces & Flails
  2982 | D:4      | Found a glowing golden altar of the Shining One.
  3226 | D:5      | Entered Level 5 of the Dungeon
  3341 | D:5      | Found a sacrificial altar of Ru.
  3432 | D:5      | Found a staircase to the Ecumenical Temple.
  3567 | D:5      | Reached XP level 8. HP: 72/78 MP: 7/7
  3575 | D:5      | Reached *** piety under Qazlal
  3654 | D:5      | Found a basalt altar of Yredelemnul.
  3855 | D:5      | You fall through a shaft for 2 floors!
  3909 | D:6      | Found the +8 mithril axe "Arga" {speed, MR+}
  3936 | D:6      | Reached skill level 6 in Maces & Flails
  4981 | D:6      | Found a deep blue altar of Sif Muna.
  4981 | D:6      | Found a shadowy altar of Dithmenos.
  5155 | D:6      | Found a runed door.
  5499 | D:6      | Noticed Crazy Yiuf
  5504 | D:6      | Killed Crazy Yiuf
  5504 | D:6      | Reached skill level 5 in Dodging
  5504 | D:6      | Reached skill level 5 in Shields
  5590 | D:7      | Reached skill level 7 in Maces & Flails
  5590 | D:7      | Reached XP level 9. HP: 71/85 MP: 8/8
  5810 | D:7      | Reached skill level 5 in Fighting
  6297 | D:7      | Reached **** piety under Qazlal
  6410 | D:8      | Noticed a two-headed ogre
  6436 | D:7      | Reached skill level 8 in Maces & Flails
  6637 | D:6      | Slain by a two-headed ogre

Skill      XL: |  1  2  3  4  5  6  7  8  9 |
---------------+----------------------------+-----
Maces & Flails | 2 3 4 5 7 8 |  8.0
Shields        | 3 4 5 |  5.7
Fighting       | 3 4 5 |  5.3
Dodging        | 3 4 5 |  5.7
Stealth        | |  0.5

Action                   |  1- 3 |  4- 6 |  7- 9 || total
-------------------------+-------+-------+-------++-------
Melee: Flail             |   128 |    42 |       ||   170
       Mace              |       |   135 |   401 ||   536
       Whip              |       |       |     5 ||     5
Throw: Tomahawk          |       |     3 |    28 ||    31
       Throwing net      |       |     1 |     1 ||     2
Invok: Upheaval          |       |       |     1 ||     1
  Use: Potion            |     1 |     1 |       ||     2
       Scroll            |     3 |     6 |     6 ||    15
 Stab: Sleeping          |     2 |       |       ||     2
  Eat: Chunk             |    18 |    11 |    38 ||    67
Armor: Robe              |    45 |    91 |    76 ||   212
Dodge: Dodged            |    41 |   111 |    81 ||   233
Block: Shield            |    63 |   195 |   292 ||   550
